 Dungeon Crawl Stone Soup version 0.21.1-1-g345015f (webtiles) character file.

3897 tidbits the Martial Artist (level 10, -10/76 HPs)
             Began as a Gnoll Transmuter on Mar 8, 2018.
             Was a Believer of Cheibriados.
             Mangled by a death yak (21 damage)
             ... on level 8 of the Dungeon.
             The game lasted 00:23:37 (2397 turns).

tidbits the Martial Artist (Gnoll Transmuter)       Turns: 2397, Time: 00:23:38

Health: -10/76     AC:  3    Str: 18    XL:     10   Next: 20%
Magic:  0/20       EV: 17    Int: 24    God:    Cheibriados [**....]
Gold:   278        SH:  0    Dex: 21    Spells: 10/23 levels left

rFire    . . .     SeeInvis .     - Unarmed
rCold    + . .     Gourm    .   (shield currently unavailable)
rNeg     . . .     Faith    .   B - +0 leather armour {rC+}
rPois    .         Spirit   +   (no helmet)
rElec    .         Reflect  .   h - scarf {Spirit}
rCorr    .         Harm     .   (gloves currently unavailable)
MR       .....     Rnd*Rage +   (no boots)
Stlth    +++.......             (no amulet)
HPRegen  0.22/turn              (no ring)
MPRegen  0.17/turn              (no ring)

@: blade hands, invisible, very slow
A: distributed training, fangs 1, agile 1, berserk 1, clever 1, deterioration 1,
strong nose
a: End Transformation, Bend Time, Renounce Religion


You were on level 8 of the Dungeon.
You worshipped Cheibriados.
Cheibriados was pleased with you.
You were not hungry.
You had blades for hands.
You visited 2 branches of the dungeon, and saw 10 of its levels.

You collected 498 gold pieces.
You spent 220 gold pieces at shops.

Inventory:

Hand Weapons
 g - a +0 dagger
 j - a +4 dagger of electrocution (melded)
   (You took it off a goblin on level 1 of the Dungeon)
 k - a +2 dagger of venom
   (You took it off a goblin on level 1 of the Dungeon)
 s - a +0 hunting sling
 I - a +2 spear of flaming
   (You found it on level 1 of the Dungeon)
Missiles
 a - 145 arrows
 e - 96 stones (quivered)
 z - 71 sling bullets
 A - 2 tomahawks
Armour
 b - a +0 robe
 h - a scarf of spirit shield (worn)
   (You found it on level 7 of the Dungeon)
 o - a +0 pair of gloves
 B - a +0 leather armour of cold resistance (worn)
   (You took it off an orc on level 6 of the Dungeon)
 G - a +1 pair of gloves (melded)
Wands
 E - a wand of flame (19)
 F - a wand of disintegration (7)
 H - a wand of enslavement (11)
 L - a wand of acid (8)
Scrolls
 l - a scroll of enchant weapon
 p - 2 scrolls of blinking
 q - a scroll of noise
 r - 2 scrolls of remove curse
 t - 5 scrolls of teleportation
 u - 2 scrolls of fog
 y - a scroll of immolation
 J - a scroll of enchant armour
 K - a scroll of random uselessness
 M - a scroll of amnesia
Potions
 m - a potion of cancellation
 n - a potion of resistance
 w - a potion of brilliance
 x - 3 potions of curing
 C - a potion of magic
 N - a potion of degeneration
Books
 d - a book of Changes

   Spells                             Type                      Level
   a - Beastly Appendage              Transmutation                1
   b - Sticks to Snakes               Transmutation                2
   c - Spider Form                    Transmutation/Poison         3
   d - Ice Form                       Ice/Transmutation            4
   e - Blade Hands                    Transmutation                5
 O - a book of Cantrips
   (You found it on level 8 of the Dungeon)

   Spells                             Type                      Level
   a - Confusing Touch                Hexes                        1
   b - Animate Skeleton               Necromancy                   1
   c - Summon Small Mammal            Summoning                    1
   d - Apportation                    Translocation                1
Comestibles
 c - 9 rations


   Skills:
 + Level 5.6 Fighting
 + Level 5.0 Short Blades
 + Level 5.0 Long Blades
 + Level 5.0 Axes
 + Level 5.0 Maces & Flails
 + Level 5.0 Polearms
 + Level 5.0 Staves
 + Level 5.0 Slings
 + Level 5.0 Bows
 + Level 5.0 Crossbows
 + Level 5.0 Throwing
 + Level 5.0 Armour
 + Level 6.8 Dodging
 + Level 5.0 Stealth
 + Level 5.0 Shields
 + Level 8.3 Unarmed Combat
 + Level 7.1 Spellcasting
 + Level 4.1 Conjurations
 + Level 4.1 Hexes
 + Level 4.1 Charms
 + Level 4.1 Summonings
 + Level 4.1 Necromancy
 + Level 4.1 Translocations
 + Level 5.6 Transmutations
 + Level 4.1 Fire Magic
 + Level 4.1 Ice Magic
 + Level 4.1 Air Magic
 + Level 4.1 Earth Magic
 + Level 4.1 Poison Magic
 + Level 5.4 Invocations
 + Level 5.0 Evocations


You had 10 spell levels left.
You knew the following spells:

 Your Spells              Type           Power        Failure   Level  Hunger
e - Beastly Appendage     Tmut           #####.       14%         1    None
h - Blade Hands           Tmut           #####.....   65%         5    #####..
k - Sticks to Snakes      Tmut           #####...     17%         2    None
n - Animate Skeleton      Necr           N/A          19%         1    None
p - Spider Form           Tmut/Pois      ####......   26%         3    None
A - Apportation           Tloc           ####..       19%         1    None


Dungeon Overview and Level Annotations

Branches:
Dungeon (9/15)             Temple (1/1) D:6            Lair (0/6) D:8
    Orc: D:9-12

Altars:
Cheibriados
Dithmenos
Fedhas
Qazlal
Sif Muna
Trog
Uskayaw
Vehumet
Xom
Yredelemnul

Shops:
D:7 }?(?[


Innate Abilities, Weirdness & Mutations

Your experience applies equally to all skills.
You have very sharp teeth.
Your uncanny sense of smell can sniff out nearby items.
You are agile. (Dex +2)
You tend to lose your temper in combat.
Your mind is acute. (Int +2)
Your body sometimes deteriorates upon taking damage.


Message History

Anything else - Cancel.
Retreat in which direction?
Press: ? - help, Dir - move target cursor, p - two-headed ogre Fall back!
A death yak comes into view.
You see here an iguana corpse.
What are your orders? t - Bark!
Orders for allies: a - Attack new target. r - Retreat! s - Stop attacking. g - Guard the area. f - Follow me.
Anything else - Cancel.
Follow me!
The death yak bellows!
You see here an iguana corpse.
What are your orders? t - Bark!
Orders for allies: a - Attack new target. r - Retreat! s - Stop attacking. g - Guard the area. f - Follow me.
Anything else - Cancel.
Gang up on whom?
Press: ? - help, Dir - move target cursor, f - death yak
Aim: a death yak Attack!
Evoke which item? (* to show all) (? for menu, Esc to quit)
Aiming: Corrosive Bolt
Press: ? - help, Shift-Dir - straight line, f/p - death yak
Aim: a death yak The bolt of acid hits the death yak.
The death yak is splashed with acid.
The death yak is moderately wounded.
You hear a bellow!
A death yak comes into view.
Evoke which item? (* to show all) (? for menu, Esc to quit)
Aiming: Corrosive Bolt
Press: ? - help, Shift-Dir - straight line, f/p - death yak
Aim: a death yak (moderately wounded)
The bolt of acid hits the death yak.
The death yak is splashed with acid.
The death yak is heavily wounded.
A death yak comes into view.
Casting: Beastly Appendage
Confirm with . or Enter, or press ? or * to list all spells.
Your talons disappear.
Your hands turn into razor-sharp scythe blades.
Your +4 dagger of electrocution melds into your body.
Your +1 pair of gloves melds into your body.
Your +4 dagger of electrocution stops crackling.
Your two-headed ogre hits the death yak with a giant club!!
Your two-headed ogre hits the death yak with a dire flail!
The death yak gores your two-headed ogre!
Unknown command.
You hit the death yak.
You kill the death yak!
Cheibriados thoroughly appreciates the change of pace.
Cheibriados raises the support of your attributes as your movement slows.
Your Spellcasting skill increases to level 7!
You have reached level 10!
The two-headed ogre is no longer charmed.
Unknown command.
You shred the two-headed ogre!!!
The two-headed ogre is almost dead.
The two-headed ogre misses you.
The two-headed ogre hits you with a dire flail!
* * * LOW HITPOINT WARNING * * *
Your body deteriorates!
You feel dopey.
You hit the two-headed ogre but do no damage.
Your slash misses the two-headed ogre. You bite the two-headed ogre.
The two-headed ogre is almost dead.
You slice the two-headed ogre!!
You kill the two-headed ogre!
Cheibriados appreciates the change of pace.
You feel your intelligence returning.
Your Short Blades skill increases to level 5!
Your Long Blades skill increases to level 5!
Your Axes skill increases to level 5!
Your Maces & Flails skill increases to level 5!
Your Polearms skill increases to level 5!
Your Staves skill increases to level 5!
Your Slings skill increases to level 5!
Your Bows skill increases to level 5!
Your Crossbows skill increases to level 5!
Your Throwing skill increases to level 5!
Your Armour skill increases to level 5!
Your Stealth skill increases to level 5!
Your Shields skill increases to level 5!
Your Conjurations skill increases to level 4!
Your Hexes skill increases to level 4!
Your Charms skill increases to level 4!
Your Summonings skill increases to level 4!
Your Necromancy skill increases to level 4!
Your Translocations skill increases to level 4!
Your Fire Magic skill increases to level 4!
Your Ice Magic skill increases to level 4!
Your Air Magic skill increases to level 4!
Your Earth Magic skill increases to level 4!
Your Poison Magic skill increases to level 4!
Your Evocations skill increases to level 5!
You hit the death yak but do no damage. The death yak closely misses you.
You don't have enough magic at the moment.
You fade into invisibility!
The death yak gores you!!
You die...

#.##.###..####.#####..
# #......# #†#
........## #†#
######### ###.# #..†#
####†#.### ##..†.....#
.....(....Y.###
....#....)Y@..#
.......#......#
...#.>.##......... ..
#...#.(....#.##
∆....#..##.### #
....... #.# ..... ..#
##### ###


You could see 2 death yaks.

Vanquished Creatures
  A two-headed ogre (D:8)
  A death yak (D:8)
  The ghost of Mgcat the Fighter, a novice DsBe of Trog (D:8)
  Pikel (D:7)
  An orc warrior (D:7)
  A hippogriff (D:6)
  A porcupine (D:8)
  A centaur (D:6)
  A big kobold (D:8)
  4 bullfrogs
  2 scorpions
  5 killer bees (D:8)
  A crimson imp (D:3)
  A quasit (D:8)
  A hound (D:8)
  3 orc wizards
  An orc priest (D:5)
  3 jellies
  Ijyb (D:5)
  3 worker ants
  A hell rat (D:8)
  3 worker ant zombies
  3 adders
  A shadow imp (D:5)
  An adder skeleton (D:4)
  A dart slug (D:2)
  2 leopard geckos
  13 orcs
  2 bats (D:1)
  4 giant cockroaches
  10 goblins
  4 hobgoblins
  2 quokkas
  4 frilled lizards
  8 kobolds
  2 quokka skeletons
  5 rats
  A fungus (D:7)
101 creatures vanquished.

Vanquished Creatures (collateral kills)
  Menkaure (D:7)
  A water moccasin (D:5)
  An orc warrior (D:7)
  A bullfrog (D:7)
  A centaur zombie (D:7)
  An iguana (D:8)
  A worker ant zombie (D:8)
  A river rat (D:8)
  A shadow imp (D:7)
  2 orcs
  2 quokkas (D:7)
  2 rats (D:8)
15 creatures vanquished.

Vanquished Creatures (others)
  A slave (D:7)
  An orc wizard (D:5)
  2 fungi (D:7)
4 creatures vanquished.

Grand Total: 120 creatures vanquished

Notes
Turn   | Place    | Note
-------+----------+-------------------------------------------
     0 | D:1      | tidbits the Gnoll Transmuter began the quest for the Orb.
     0 | D:1      | Reached XP level 1. HP: 17/17 MP: 6/6
   134 | D:1      | Reached XP level 2. HP: 23/23 MP: 5/7
   283 | D:2      | Learned a level 2 spell: Sticks to Snakes
   409 | D:2      | Reached XP level 3. HP: 25/28 MP: 7/9
   490 | D:2      | Found a shadowy altar of Dithmenos.
   528 | D:3      | Reached skill level 1 in Short Blades
   528 | D:3      | Reached skill level 1 in Long Blades
   528 | D:3      | Reached skill level 1 in Axes
   528 | D:3      | Reached skill level 1 in Maces & Flails
   528 | D:3      | Reached skill level 1 in Polearms
   528 | D:3      | Reached skill level 1 in Staves
   528 | D:3      | Reached skill level 1 in Slings
   528 | D:3      | Reached skill level 1 in Bows
   528 | D:3      | Reached skill level 1 in Crossbows
   528 | D:3      | Reached skill level 1 in Throwing
   528 | D:3      | Reached skill level 1 in Armour
   528 | D:3      | Reached skill level 1 in Stealth
   528 | D:3      | Reached skill level 1 in Shields
   528 | D:3      | Reached skill level 5 in Spellcasting
   528 | D:3      | Reached skill level 1 in Invocations
   528 | D:3      | Reached skill level 1 in Evocations
   528 | D:3      | Reached XP level 4. HP: 34/34 MP: 9/11
   571 | D:3      | Learned a level 3 spell: Spider Form
   574 | D:3      | Reached skill level 1 in Conjurations
   574 | D:3      | Reached skill level 1 in Hexes
   574 | D:3      | Reached skill level 1 in Charms
   574 | D:3      | Reached skill level 1 in Summonings
   574 | D:3      | Reached skill level 1 in Necromancy
   574 | D:3      | Reached skill level 1 in Translocations
   574 | D:3      | Reached skill level 1 in Fire Magic
   574 | D:3      | Reached skill level 1 in Ice Magic
   574 | D:3      | Reached skill level 1 in Air Magic
   574 | D:3      | Reached skill level 1 in Earth Magic
   574 | D:3      | Reached skill level 1 in Poison Magic
   647 | D:5      | Entered Level 5 of the Dungeon
   654 | D:5      | Found a stormy altar of Qazlal.
   677 | D:5      | Reached XP level 5. HP: 9/40 MP: 9/12
   918 | D:4      | Found a blossoming altar of Fedhas.
   925 | D:4      | Reached skill level 3 in Fighting
   964 | D:4      | Reached skill level 4 in Transmutations
  1029 | D:5      | Reached XP level 6. HP: 46/47 MP: 10/13
  1050 | D:5      | Reached skill level 2 in Invocations
  1090 | D:5      | Noticed a water moccasin
  1096 | D:5      | Killed a water moccasin
  1096 | D:5      | Reached skill level 2 in Short Blades
  1096 | D:5      | Reached skill level 2 in Long Blades
  1096 | D:5      | Reached skill level 2 in Axes
  1096 | D:5      | Reached skill level 2 in Maces & Flails
  1096 | D:5      | Reached skill level 2 in Polearms
  1096 | D:5      | Reached skill level 2 in Staves
  1096 | D:5      | Reached skill level 2 in Slings
  1096 | D:5      | Reached skill level 2 in Bows
  1096 | D:5      | Reached skill level 2 in Crossbows
  1096 | D:5      | Reached skill level 2 in Throwing
  1096 | D:5      | Reached skill level 2 in Armour
  1096 | D:5      | Reached skill level 5 in Dodging
  1096 | D:5      | Reached skill level 2 in Stealth
  1096 | D:5      | Reached skill level 2 in Shields
  1096 | D:5      | Reached skill level 2 in Evocations
  1149 | D:6      | Noticed a hippogriff
  1162 | D:6      | Killed a hippogriff
  1162 | D:6      | Reached skill level 7 in Unarmed Combat
  1162 | D:6      | Reached XP level 7. HP: 34/52 MP: 8/15
  1189 | D:6      | Reached skill level 2 in Conjurations
  1189 | D:6      | Reached skill level 2 in Hexes
  1189 | D:6      | Reached skill level 2 in Charms
  1189 | D:6      | Reached skill level 2 in Summonings
  1189 | D:6      | Reached skill level 2 in Necromancy
  1189 | D:6      | Reached skill level 2 in Translocations
  1189 | D:6      | Reached skill level 2 in Fire Magic
  1189 | D:6      | Reached skill level 2 in Ice Magic
  1189 | D:6      | Reached skill level 2 in Air Magic
  1189 | D:6      | Reached skill level 2 in Earth Magic
  1189 | D:6      | Reached skill level 2 in Poison Magic
  1205 | D:6      | HP: 5/52 [worker ant zombie (5)]
  1219 | D:6      | Found a deep blue altar of Sif Muna.
  1308 | D:5      | Noticed Ijyb
  1323 | D:5      | Killed Ijyb
  1428 | D:6      | Found a staircase to the Ecumenical Temple.
  1487 | D:6      | Reached skill level 3 in Invocations
  1600 | D:7      | Reached XP level 8. HP: 44/60 MP: 13/16
  1606 | D:7      | Found Xiumus's Antique Armour Shoppe.
  1617 | D:7      | Reached skill level 4 in Fighting
  1622 | D:7      | Reached skill level 3 in Short Blades
  1622 | D:7      | Reached skill level 3 in Long Blades
  1622 | D:7      | Reached skill level 3 in Axes
  1622 | D:7      | Reached skill level 3 in Maces & Flails
  1622 | D:7      | Reached skill level 3 in Polearms
  1622 | D:7      | Reached skill level 3 in Staves
  1622 | D:7      | Reached skill level 3 in Slings
  1622 | D:7      | Reached skill level 3 in Bows
  1622 | D:7      | Reached skill level 3 in Crossbows
  1622 | D:7      | Reached skill level 3 in Throwing
  1622 | D:7      | Reached skill level 3 in Armour
  1622 | D:7      | Reached skill level 3 in Stealth
  1622 | D:7      | Reached skill level 3 in Shields
  1622 | D:7      | Reached skill level 3 in Evocations
  1637 | D:7      | Killed an orc warrior
  1672 | D:7      | Reached skill level 6 in Spellcasting
  1678 | D:7      | Found Qystrico's Magic Scroll Emporium.
  1687 | D:7      | Bought a scroll of magic mapping for 45 gold pieces
  1687 | D:7      | Bought 2 scrolls of remove curse for 78 gold pieces
  1687 | D:7      | Bought a scroll of identify for 26 gold pieces
  1687 | D:7      | Bought a scroll of identify for 26 gold pieces
  1689 | D:7      | Gained mutation: You are agile. (Dex +2) [potion of mutation]
  1689 | D:7      | Gained mutation: Your body sometimes deteriorates upon taking damage. [potion of mutation]
  1689 | D:7      | Gained mutation: You tend to lose your temper in combat. [potion of mutation]
  1689 | D:7      | Gained mutation: Your mind is acute. (Int +2) [potion of mutation]
  1771 | D:7      | Found Leegg's Weapon Boutique.
  1796 | D:7      | Found Namus's Magic Scroll Boutique.
  1814 | D:7      | Bought a scroll of random uselessness for 15 gold pieces
  1814 | D:7      | Bought a scroll of identify for 30 gold pieces
  1849 | D:7      | Noticed Menkaure
  1859 | D:7      | Killed Menkaure
  1879 | Temple   | Entered the Ecumenical Temple
  1888 | Temple   | Became a worshipper of Cheibriados the Contemplative
  1903 | Temple   | Learned a level 5 spell: Blade Hands
  1932 | D:7      | Noticed Pikel
  1950 | D:7      | Killed Pikel
  1950 | D:7      | Reached skill level 6 in Dodging
  1950 | D:7      | Reached skill level 3 in Conjurations
  1950 | D:7      | Reached skill level 3 in Hexes
  1950 | D:7      | Reached skill level 3 in Charms
  1950 | D:7      | Reached skill level 3 in Summonings
  1950 | D:7      | Reached skill level 3 in Necromancy
  1950 | D:7      | Reached skill level 3 in Translocations
  1950 | D:7      | Reached skill level 5 in Transmutations
  1950 | D:7      | Reached skill level 3 in Fire Magic
  1950 | D:7      | Reached skill level 3 in Ice Magic
  1950 | D:7      | Reached skill level 3 in Air Magic
  1950 | D:7      | Reached skill level 3 in Earth Magic
  1950 | D:7      | Reached skill level 3 in Poison Magic
  1950 | D:7      | Reached skill level 4 in Invocations
  1950 | D:7      | Reached XP level 9. HP: 53/66 MP: 12/18
  1959 | D:7      | Found Utohairrai's Gadget Emporium.
  2208 | D:8      | Reached * piety under Cheibriados
  2208 | D:8      | Reached skill level 4 in Short Blades
  2208 | D:8      | Reached skill level 4 in Long Blades
  2208 | D:8      | Reached skill level 4 in Axes
  2208 | D:8      | Reached skill level 4 in Maces & Flails
  2208 | D:8      | Reached skill level 4 in Polearms
  2208 | D:8      | Reached skill level 4 in Staves
  2208 | D:8      | Reached skill level 4 in Slings
  2208 | D:8      | Reached skill level 4 in Bows
  2208 | D:8      | Reached skill level 4 in Crossbows
  2208 | D:8      | Reached skill level 4 in Throwing
  2208 | D:8      | Reached skill level 4 in Armour
  2208 | D:8      | Reached skill level 4 in Stealth
  2208 | D:8      | Reached skill level 4 in Shields
  2208 | D:8      | Reached skill level 4 in Evocations
  2272 | D:8      | Learned a level 1 spell: Animate Skeleton
  2274 | D:8      | Learned a level 1 spell: Apportation
  2287 | D:8      | Noticed Mgcat's ghost (novice DsBe)
  2297 | D:8      | Killed Mgcat's ghost
  2297 | D:8      | Reached skill level 5 in Fighting
  2297 | D:8      | Reached skill level 8 in Unarmed Combat
  2325 | D:8      | Noticed a two-headed ogre
  2356 | D:8      | Reached skill level 5 in Invocations
  2376 | D:8      | Found a staircase to the Lair.
  2381 | D:8      | Noticed a death yak
  2388 | D:8      | Noticed a death yak
  2390 | D:8      | Noticed a death yak
  2391 | D:8      | Killed a death yak
  2391 | D:8      | Reached ** piety under Cheibriados
  2391 | D:8      | Reached skill level 7 in Spellcasting
  2391 | D:8      | Reached XP level 10. HP: 25/74 MP: 2/20
  2394 | D:8      | Killed a two-headed ogre
  2394 | D:8      | Reached skill level 5 in Short Blades
  2394 | D:8      | Reached skill level 5 in Long Blades
  2394 | D:8      | Reached skill level 5 in Axes
  2394 | D:8      | Reached skill level 5 in Maces & Flails
  2394 | D:8      | Reached skill level 5 in Polearms
  2394 | D:8      | Reached skill level 5 in Staves
  2394 | D:8      | Reached skill level 5 in Slings
  2394 | D:8      | Reached skill level 5 in Bows
  2394 | D:8      | Reached skill level 5 in Crossbows
  2394 | D:8      | Reached skill level 5 in Throwing
  2394 | D:8      | Reached skill level 5 in Armour
  2394 | D:8      | Reached skill level 5 in Stealth
  2394 | D:8      | Reached skill level 5 in Shields
  2394 | D:8      | Reached skill level 4 in Conjurations
  2394 | D:8      | Reached skill level 4 in Hexes
  2394 | D:8      | Reached skill level 4 in Charms
  2394 | D:8      | Reached skill level 4 in Summonings
  2394 | D:8      | Reached skill level 4 in Necromancy
  2394 | D:8      | Reached skill level 4 in Translocations
  2394 | D:8      | Reached skill level 4 in Fire Magic
  2394 | D:8      | Reached skill level 4 in Ice Magic
  2394 | D:8      | Reached skill level 4 in Air Magic
  2394 | D:8      | Reached skill level 4 in Earth Magic
  2394 | D:8      | Reached skill level 4 in Poison Magic
  2394 | D:8      | Reached skill level 5 in Evocations
  2397 | D:8      | Mangled by a death yak

Skill      XL: |  1  2  3  4  5  6  7  8  9 10 |
---------------+-------------------------------+-----
Short Blades   | 1 2 3 4 5 |  5.0
Long Blades    | 1 2 3 4 5 |  5.0
Axes           | 1 2 3 4 5 |  5.0
Maces & Flails | 1 2 3 4 5 |  5.0
Polearms       | 1 2 3 4 5 |  5.0
Staves         | 1 2 3 4 5 |  5.0
Slings         | 1 2 3 4 5 |  5.0
Bows           | 1 2 3 4 5 |  5.0
Crossbows      | 1 2 3 4 5 |  5.0
Throwing       | 1 2 3 4 5 |  5.0
Armour         | 1 2 3 4 5 |  5.0
Stealth        | 1 2 3 4 5 |  5.0
Shields        | 1 2 3 4 5 |  5.0
Spellcasting   | 5 6 7 |  7.1
Invocations    | 1 2 3 4 5 |  5.4
Evocations     | 1 2 3 4 5 |  5.0
Conjurations   | 1 2 3 4 |  4.1
Hexes          | 1 2 3 4 |  4.1
Charms         | 1 2 3 4 |  4.1
Summonings     | 1 2 3 4 |  4.1
Necromancy     | 1 2 3 4 |  4.1
Translocations | 1 2 3 4 |  4.1
Fire Magic     | 1 2 3 4 |  4.1
Ice Magic      | 1 2 3 4 |  4.1
Air Magic      | 1 2 3 4 |  4.1
Earth Magic    | 1 2 3 4 |  4.1
Poison Magic   | 1 2 3 4 |  4.1
Fighting       | 3 4 5 |  5.6
Transmutations | 4 5 |  5.6
Dodging        | 5 6 |  6.8
Unarmed Combat | 7 8 |  8.3

Action                   |  1- 3 |  4- 6 |  7- 9 | 10-12 || total
-------------------------+-------+-------+-------+-------++-------
Melee: Unarmed           |    18 |    49 |   142 |     4 ||   213
       Kick              |     5 |     4 |     3 |       ||    12
       Bite              |     3 |     1 |     2 |     1 ||     7
       Dagger            |    29 |    28 |    12 |       ||    69
       Headbutt          |     1 |     2 |     1 |       ||     4
       Punch             |       |       |     2 |       ||     2
 Fire: Hunting sling     |       |       |     7 |       ||     7
 Cast: Beastly Appendage |     8 |     4 |     4 |       ||    16
       Spider Form       |       |    10 |    20 |       ||    30
       Sticks to Snakes  |       |     2 |     9 |       ||    11
       Blade Hands       |       |       |     2 |       ||     2
 Abil: End Transformatio |       |       |     6 |       ||     6
Evoke: Wand              |       |       |    20 |       ||    20
  Use: Scroll            |       |     7 |     8 |       ||    15
       Potion            |       |     3 |     8 |     1 ||    12
 Stab: Sleeping          |     1 |     4 |     2 |       ||     7
       Distracted        |       |     1 |     4 |       ||     5
  Eat: Chunk             |       |     1 |     5 |       ||     6
       Ration            |       |       |     1 |       ||     1
Armor: Robe              |     8 |     1 |     4 |       ||    13
       Skin              |       |     2 |     6 |       ||     8
Dodge: Dodged            |    37 |    61 |   155 |     2 ||   255

Table legend:
 A = Turns spent in this place as a percentage of turns spent in the entire game.
 B = Non-inter-level travel turns spent in this place as a percentage of non-inter-level travel turns spent in the entire game.
 C = Inter-level travel turns spent in this place as a percentage of turns spent in this place.
 D = Turns resting spent in this place as a percentage of non-inter-level travel turns spent in this place.
 E = Turns spent auto-exploring this place as a percentage of non-inter-level travel turns spent in this place.
 F = Non-inter-level travel turns spent in this place divided by the number of levels of this place that you've seen.
                   A       B       C       D       E      F
               +-------+-------+-------+-------+-------+----------------------
         Total | 100.0 | 100.0 |   0.3 |   0.0 |   0.0 | 238.9
       Dungeon |  98.5 |  98.9 |   0.0 |   0.0 |   0.0 | 262.4
        Temple |   1.5 |   1.1 |  22.9 |   0.0 |   0.0 |  27.0
               +-------+-------+-------+-------+-------+----------------------

Table legend:
 A = Kills in this place as a percentage of kills in entire the game.
 B = Kills by you in this place as a percentage of kills by you in the entire game.
 C = Kills by friends in this place as a percentage of kills by friends in the entire game.
 D = Other kills in this place as a percentage of other kills in the entire game.
 E = Experience gained in this place as a percentage of experience gained in the entire game.
 F = Experience gained in this place divided by the number of levels of this place that you have seen.
                   A       B       C       D       E      F
               +-------+-------+-------+-------+-------+----------------------
         Total | 100.0 | 100.0 | 100.0 |   N/A | 100.0 | 556.8
       Dungeon | 100.0 | 100.0 | 100.0 |   N/A | 100.0 | 618.7
               +-------+-------+-------+-------+-------+----------------------

Vault maps used:
D:1:      dpeg_arrival_connections
D:2:      nicolae_dithmenos_through_a_glass_darkly
D:3:      gammafunk_temple_overflow_forgotten, lemuel_round_altar,
          grunt_ministairs_15, minmay_close_crescents
D:4:      lemuel_round_altar, first_ration
D:5:      grunt_qazlal_clouds, basic_altar, uniq_ijyb
D:6:      kennysheep_mini_moat, nicolae_ru_sacrificial_ziggurat,
          minmay_temple_entry_from_below_b, hangedman_decor_clover_reticule
D:7:      serial_shops, nicolae_shop_stone, shop, nicolae_shop_statue_plus,
          shop, shop, minmay_gold_behind_fungi, serial_bayou_pond_b, uniq_pikel,
          uniq_menkaure
D:8:      dpeg_lair_monsters
D:9:      uniq_erica
Temple:   dshaligram_water_room_temple
